 Dungeon Crawl Stone Soup version 0.23-a0-394-g6ce9549 (webtiles) character file.

23 Jeffwins the Insei (level 3, 0/23 HPs)
             Began as an Octopode Transmuter on Nov 1, 2018.
             Slain by a white imp (5 damage)
             ... summoned by Natasha
             ... on level 2 of the Dungeon.
             The game lasted 00:01:04 (1416 turns).

Jeffwins the Insei (Octopode Transmuter)            Turns: 1416, Time: 00:01:04

Health: 0/23       AC:  1    Str:  9    XL:     3   Next: 0%
Magic:  6/6        EV: 13    Int: 16    God:
Gold:   33         SH:  0    Dex: 12    Spells: 3/6 levels left

rFire    . . .     SeeInvis .     - Unarmed
rCold    . . .     Gourm    .   (no shield)
rNeg     . . .     Faith    .   (helmet restricted)
rPois    .         Spirit   .   (no amulet)
rElec    .         Reflect  .   (no ring)
rCorr    .         Harm     .   (no ring)
MR       .....                  (no ring)
Stlth    ++........             (no ring)
HPRegen  0.07/turn              (no ring)
MPRegen  0.10/turn              (no ring)
                                (no ring)
                                (no ring)

@: confused, appendage, very slightly contaminated
A: almost no armour, stealthy swim, amphibious, 8 rings, constrict 8, tentacle
spike 3, camouflage 1, gelatinous body 1
a: End Transformation


You were on level 2 of the Dungeon.
You were very hungry.
One of your tentacles had a temporary spike.
You visited 1 branch of the dungeon, and saw 2 of its levels.

You collected 33 gold pieces.


Innate Abilities, Weirdness & Mutations

You cannot wear most types of armour.
You are very stealthy in the water. (Stealth+)
You are amphibious.
You can wear up to eight rings at the same time.
You can use your tentacles to constrict eight enemies at once.
Your skin changes colour to match your surroundings (Stealth+).
Your rubbery body absorbs attacks. (AC +1, EV +1)
One of your tentacles bears a large vicious spike.


   Skills:
 + Level 1.3 Fighting
 + Level 2.3 Dodging
 * Level 3.2 Unarmed Combat
 + Level 2.2 Spellcasting
 + Level 2.2 Transmutations


You had 3 spell levels left.
You knew the following spells:

 Your Spells              Type           Power        Failure   Level  Hunger
e - Beastly Appendage     Tmut           #.....       9%          1    #......
t - Sticks to Snakes      Tmut           #.......     12%         2    ###....

Your spell library contained the following spells:

 Spells                   Type           Power        Failure   Level  Hunger
 Spider Form              Tmut/Pois      #.........   36%         3    ###....
 Ice Form                 Ice/Tmut       #.......     77%         4    #####..
 Blade Hands              Tmut           #.........   92%         5    ######.

Inventory:

Missiles
 a - 30 arrows
 e - 18 bolts
Scrolls
 b - a scroll of fog {unknown}
 d - 2 scrolls of identify {unknown}
Comestibles
 c - 2 rations {@e1}

Dungeon Overview and Level Annotations

Branches:
Dungeon (2/15)

Altars:

Annotations:
D:2 Natasha

#... #####...###
#..###.......... .#
#..##...##...### <#
#..#.........# #.##
#..#....##.#.# ...#
#..#.#.###.# ####..(###
#..<#..# #.#.##.......#
##..###.###.#).5h5....?#
...## ##....####@......#
##..###................#
#...#.####..........#..
#.##.## #.............
#.##.# #.#######.####
.....# #.# .# #..####
#.# # #..# #.# #.. #.


You could see Natasha and 2 white imps.


Message History

Unknown command.
No target in view!
Natasha mumbles some strange words.
Found a scroll labeled ESOICKE CETEF.
Found an escape hatch in the ceiling.
The frilled lizard bites you.
Found a dagger.
You barely miss the white imp. You grab the white imp.
You pierce the white imp, but do no damage.
You squeeze the white imp, but do no damage.
You constrict the white imp, but do no damage.
The frilled lizard bites you.
Natasha mumbles some strange words.
You miss the frilled lizard. You grab the frilled lizard.
You squeeze the frilled lizard.
You kill the frilled lizard!
You have reached level 3!
Your experience leads to an increase in your attributes!
Increase (S)trength, (I)ntelligence, or (D)exterity?
You feel clever.
You constrict the white imp, but do no damage.
The white imp gestures at you. The puff of frost hits you!
* * * LOW HITPOINT WARNING * * *
It was a potion of ambrosia.
You are confused.
You feel invigorated.
You constrict the white imp. The white imp barely misses you.
Natasha misses you. The white imp hits you.
* * * LOW HITPOINT WARNING * * *
The white imp freezes you.
You die...

Action                   || total
-------------------------++-------
Melee: Unarmed           ||    33
       Tentacles         ||    11
       Constrict         ||    11
       Kick              ||     1
       Punch             ||     1
 Cast: Beastly Appendage ||     1
  Use: Potion            ||     1
 Stab: Sleeping          ||     5
Dodge: Dodged            ||    14

Vault maps used:
D:1:      erik_arrival_triangle_small, hangedman_decor_diamond_cutter
D:2:      first_ration, chequers_ecumenical_altar_island, uniq_natasha

Notes
Turn   | Place    | Note
-------+----------+-------------------------------------------
     0 | D:1      | Jeffwins the Octopode Transmuter began the quest for the
                  | Orb.
     0 | D:1      | Reached XP level 1. HP: 13/13 MP: 3/3
   353 | D:1      | Reached XP level 2. HP: 15/18 MP: 5/5
   400 | D:1      | Learned a level 2 spell: Sticks to Snakes
  1409 | D:2      | Noticed Natasha
  1415 | D:2      | Reached XP level 3. HP: 12/23 MP: 3/6
  1416 | D:2      | Slain by a white imp

Vanquished Creatures
  An ooze (D:2)
  A worm (D:2)
  2 dart slugs
  2 bats (D:1)
  A giant cockroach (D:1)
  2 goblins (D:1)
  2 frilled lizards
  2 kobolds (D:1)
  A rat (D:1)
14 creatures vanquished.

Table legend:
 A = Turns spent in this place as a percentage of turns spent in the entire game.
 B = Non-inter-level travel turns spent in this place as a percentage of non-inter-level travel turns spent in the entire game.
 C = Inter-level travel turns spent in this place as a percentage of turns spent in this place.
 D = Turns resting spent in this place as a percentage of non-inter-level travel turns spent in this place.
 E = Turns spent auto-exploring this place as a percentage of non-inter-level travel turns spent in this place.
 F = Non-inter-level travel turns spent in this place divided by the number of levels of this place that you've seen.
                   A       B       C       D       E      F
               +-------+-------+-------+-------+-------+----------------------
         Total | 100.0 | 100.0 |   4.0 |  35.5 |  57.0 | 680.0
       Dungeon | 100.0 | 100.0 |   4.0 |  35.5 |  57.0 | 680.0
               +-------+-------+-------+-------+-------+----------------------

Table legend:
 A = Non-vault XP
 B = Vault XP
 C = Vault XP percentage of total XP
 D = Non-vault monster count
 E = Vault monster count
 F = Vault count percentage of total count
                 A         B        C        D         E       F
            +---------+---------+-------+---------+---------+-------
      Total |      34 |       0 |   0.0 |      14 |       0 |   0.0
            +---------+---------+-------+---------+---------+-------
        D:1 |      17 |       0 |   0.0 |      10 |       0 |   0.0
        D:2 |      17 |       0 |   0.0 |       4 |       0 |   0.0
            +---------+---------+-------+---------+---------+-------
